 Dungeon Crawl Stone Soup version 0.27-a0-380-g150de4c316 (webtiles) character file.

Game seed: 16102961093798000813

448 funkygono the Skirmisher (level 7, -9/59 HPs)
             Began as a Gnoll Wanderer on Feb 17, 2021.
             Killed by divine providence
             ... invoked by an orc priest
              (17 damage)
             ... on level 4 of the Dungeon.
             The game lasted 00:07:48 (4590 turns).

funkygono the Skirmisher (Gnoll Wanderer)           Turns: 4590, Time: 00:07:48

Health: -9/59      AC:  6    Str: 11    XL:     7   Next: 4%
Magic:  12/15      EV: 14    Int: 12    God:
Gold:   155        SH:  0    Dex: 13    Spells: 14/17 levels left

rFire    . . .     SeeInvis .   p - +5 quarterstaff (chaos)
rCold    . . .     Faith    .   (shield currently unavailable)
rNeg     . . .     Spirit   .   q - +0 leather armour
rPois    .         Reflect  .   (no helmet)
rElec    .         Harm     .   n - +1 cloak {rCorr}
rCorr    +         Rampage  .   (no gloves)
Will     .....                  l - +0 pair of boots
Stlth    ++........             (no amulet)
HPRegen  0.19/turn              (no ring)
MPRegen  0.14/turn              (no ring)

@: no status effects
A: distributed training, fangs 1, strong nose
a: no special abilities


You were on level 4 of the Dungeon.
You visited 1 branch of the dungeon, and saw 4 of its levels.

You collected 155 gold pieces.

Inventory:

Hand Weapons
 a - a +0 spear
 g - a +0 whip
 p - a +5 quarterstaff of chaos (weapon)
Missiles
 b - 89 arrows
Armour
 d - a +1 robe
 l - a +0 pair of boots (worn)
 n - a +1 cloak of preservation (worn)
 q - a +0 leather armour (worn)
Scrolls
 h - a scroll of magic mapping
Potions
 c - a potion of lignification
 f - a potion of magic {unknown}
 i - 2 potions of might
 m - a potion of flight {unknown}
 o - a potion of resistance {unknown}


   Skills:
 + Level 6.9 Fighting
 + Level 2.2 Short Blades
 + Level 2.2 Long Blades
 + Level 2.2 Axes
 + Level 2.2 Maces & Flails
 + Level 2.2 Polearms
 + Level 2.2 Staves
 + Level 2.2 Slings
 + Level 2.2 Bows
 + Level 2.2 Crossbows
 + Level 2.2 Throwing
 + Level 2.2 Armour
 + Level 5.1 Dodging
 + Level 3.2 Stealth
 + Level 3.4 Shields
 + Level 2.2 Unarmed Combat
 + Level 5.5 Spellcasting
 + Level 2.8 Conjurations
 + Level 1.8 Hexes
 + Level 1.8 Summonings
 + Level 1.8 Necromancy
 + Level 1.8 Translocations
 + Level 1.8 Transmutations
 + Level 1.8 Fire Magic
 + Level 1.8 Ice Magic
 + Level 1.8 Air Magic
 + Level 1.8 Earth Magic
 + Level 1.8 Poison Magic
 + Level 2.4 Invocations
 + Level 2.2 Evocations


You had 14 spell levels left.
You knew the following spells:

 Your Spells              Type           Power        Failure   Level
a - Magic Dart            Conj           40%          8%          1
b - Searing Ray           Conj           20%          12%         2

Your spell library contained the following spells:

 Spells                   Type           Power        Failure   Level
 Dazzling Flash           Conj/Hex       16%          28%         3
 Confusing Touch          Hex            7%           34%         3
 Gell's Gravitas          Tloc           3%           34%         3
 Fulminant Prism          Conj/Hex       4%           67%         4
 Iskenderun's Mystic Bla  Conj/Tloc      8%           67%         4
 Petrify                  Tmut/Erth      7%           75%         4
 Metabolic Englaciation   Hex/Ice        3%           97%         5
 Yara's Violent Unravell  Hex/Tmut       3%           97%         5


Dungeon Overview and Level Annotations

Branches:
Dungeon (4/15)
 Temple: D:4-7

Altars:
Fedhas
Gozag
The Shining One


Innate Abilities, Weirdness & Mutations

Your experience applies equally to all skills.
You have very sharp teeth.
Your uncanny sense of smell can sniff out nearby items.


Message History

Your Staves skill increases to level 2!
Your Slings skill increases to level 2!
Your Bows skill increases to level 2!
Your Crossbows skill increases to level 2!
Your Throwing skill increases to level 2!
Your Armour skill increases to level 2!
Your Dodging skill increases to level 5!
Your Unarmed Combat skill increases to level 2!
Your Evocations skill increases to level 2!
It was a potion of curing.
You feel better. The orc priest hits you with a +0 mace.
* * * LOW HITPOINT WARNING * * *
You sock the orc priest! You burn the orc priest.
The orc priest is almost dead.
The orc priest barely misses you.
You closely miss the orc priest. Your bite misses the orc priest.
The orc priest is almost dead.
The orc priest closely misses you.
You thump the orc priest!
You kill the orc priest!
The orc hits you but does no damage.
You sock the orc! You burn the orc.
You kill the orc!
You sock the orc wizard! You freeze the orc wizard.
The orc wizard is severely wounded.
The orc wizard gestures at you while chanting.
The puff of flame hits you!
* * * LOW HITPOINT WARNING * * *
The orc shouts!
You hit the orc wizard.
You kill the orc wizard!
You hear a shout!
You have reached level 7!
An orc priest comes into view.
The orc priest shouts!
The orc priest looks braver for a moment.
An orc comes into view. It is wielding a +0 flail.
Items here: ( ))) [[ ††.
The orc priest invokes the aid of Beogh against you.
Beogh smites you!
You die...

.................###
................'..
#.............#..
#.............#..
+.............###
#(.......#####...
######+##........#
#...
#.......)##+######
#... #.......@# #†..
#.......o# #...
#......!.# #...
#........# ###...
#######..o #....#
+.... ##.... #..o.
#.... #..... ##....
#.....


You could see an orc priest and 2 orcs.

Vanquished Creatures
  Menkaure (D:4)
  Edmund (D:4)
  Crazy Yiuf (D:2)
  An orc priest (D:4)
  An orc wizard (D:4)
  2 worker ants (D:4)
  2 adders
  2 worms (D:2)
  4 dart slugs
  An orc (D:4)
  5 bats
  3 giant cockroaches
  7 goblins
  5 hobgoblins
  A jackal (D:2)
  2 quokkas (D:2)
  4 frilled lizards
  8 kobolds
  7 rats
58 creatures vanquished.

Notes
Turn   | Place    | Note
-------+----------+-------------------------------------------
     0 | D:1      | funkygono the Gnoll Wanderer began the quest for the Orb.
     0 | D:1      | funkygono set off with the following items: a +0 spear, a
                  | potion of lignification, a +0 robe; and the following spell
                  | memorised: Magic Dart; and the following spells available
                  | to memorise: Searing Ray, Dazzling Flash, Fulminant Prism,
                  | Iskenderun's Mystic Blast
     0 | D:1      | Reached XP level 1. HP: 23/23 MP: 6/6
   328 | D:1      | Reached XP level 2. HP: 8/29 MP: 7/7
   331 | D:1      | Learned a level 2 spell: Searing Ray
  1727 | D:2      | Reached skill level 5 in Spellcasting
  1727 | D:2      | Reached XP level 3. HP: 5/35 MP: 5/9
  1994 | D:2      | Found a blossoming altar of Fedhas.
  2526 | D:2      | Reached skill level 1 in Invocations
  2776 | D:2      | Reached skill level 1 in Short Blades
  2776 | D:2      | Reached skill level 1 in Long Blades
  2776 | D:2      | Reached skill level 1 in Axes
  2776 | D:2      | Reached skill level 1 in Maces & Flails
  2776 | D:2      | Reached skill level 1 in Polearms
  2776 | D:2      | Reached skill level 1 in Staves
  2776 | D:2      | Reached skill level 1 in Slings
  2776 | D:2      | Reached skill level 1 in Bows
  2776 | D:2      | Reached skill level 1 in Crossbows
  2776 | D:2      | Reached skill level 1 in Throwing
  2776 | D:2      | Reached skill level 1 in Armour
  2776 | D:2      | Reached skill level 1 in Unarmed Combat
  2776 | D:2      | Reached skill level 1 in Evocations
  2968 | D:2      | Reached XP level 4. HP: 41/41 MP: 6/11
  3087 | D:2      | Found an opulent altar of Gozag.
  3166 | D:2      | Found a runed translucent door.
  3167 | D:2      | Noticed Crazy Yiuf
  3174 | D:2      | Killed Crazy Yiuf
  3448 | D:3      | Reached skill level 1 in Hexes
  3448 | D:3      | Reached skill level 1 in Summonings
  3448 | D:3      | Reached skill level 1 in Necromancy
  3448 | D:3      | Reached skill level 1 in Translocations
  3448 | D:3      | Reached skill level 1 in Transmutations
  3448 | D:3      | Reached skill level 1 in Fire Magic
  3448 | D:3      | Reached skill level 1 in Ice Magic
  3448 | D:3      | Reached skill level 1 in Air Magic
  3448 | D:3      | Reached skill level 1 in Earth Magic
  3448 | D:3      | Reached skill level 1 in Poison Magic
  3713 | D:3      | Found a glowing golden altar of the Shining One.
  4258 | D:4      | Reached XP level 5. HP: 47/47 MP: 12/12
  4275 | D:4      | Noticed Menkaure
  4284 | D:4      | Killed Menkaure
  4285 | D:4      | Reached XP level 6. HP: 26/53 MP: 12/14
  4566 | D:4      | Noticed Edmund
  4581 | D:4      | Killed Edmund
  4582 | D:4      | Reached skill level 5 in Dodging
  4589 | D:4      | Reached XP level 7. HP: 8/59 MP: 11/15
  4590 | D:4      | Killed from afar by an orc priest

Illustrated notes

Levels and vault maps discovered:
D:1:      dpeg_arrival_court, layout_basic, chequers_serial_rivers_micro_d,
          item_on_display_a
D:2:      minmay_chambers_of_twos, layout_basic, lemuel_round_altar,
          fedhas_ov_isle_minmay, uniq_crazy_yiuf_cottage
D:3:      layout_basic, tso_altar
D:4:      layout_gridville, nicolae_ossuary_entry_ruins, serial_shops,
          nicolae_shop_crystal, uniq_edmund, uniq_pikel, uniq_menkaure

Skill      XL: |  1  2  3  4  5  6 |
---------------+-------------------+-----
Conjurations   | 2 |  2.8
Spellcasting   | 5 |  5.5
Invocations    | 1 2 |  2.4
Short Blades   | 1 2 |  2.2
Long Blades    | 1 2 |  2.2
Axes           | 1 2 |  2.2
Maces & Flails | 1 2 |  2.2
Polearms       | 1 2 |  2.2
Staves         | 1 2 |  2.2
Slings         | 1 2 |  2.2
Bows           | 1 2 |  2.2
Crossbows      | 1 2 |  2.2
Throwing       | 1 2 |  2.2
Armour         | 1 2 |  2.2
Unarmed Combat | 1 2 |  2.2
Evocations     | 1 2 |  2.2
Hexes          | 1 |  1.8
Summonings     | 1 |  1.8
Necromancy     | 1 |  1.8
Translocations | 1 |  1.8
Transmutations | 1 |  1.8
Fire Magic     | 1 |  1.8
Ice Magic      | 1 |  1.8
Air Magic      | 1 |  1.8
Earth Magic    | 1 |  1.8
Poison Magic   | 1 |  1.8
Stealth        | 3 |  3.2
Shields        | 3 |  3.4
Dodging        | 5 |  5.1
Fighting       | |  6.9

Action                   |  1- 3 |  4- 6 |  7- 9 || total
-------------------------+-------+-------+-------++-------
Melee: Spear             |    98 |       |       ||    98
       Bite              |     5 |     1 |       ||     6
       Punch             |     1 |       |       ||     1
       Quarterstaff      |       |    34 |       ||    34
 Cast: Magic Dart        |    44 |    21 |       ||    65
       Searing Ray       |     5 |     2 |       ||     7
  Use: Scroll            |     1 |     9 |       ||    10
       Potion            |       |     1 |       ||     1
 Stab: Sleeping          |     2 |     1 |       ||     3
Armor: Robe              |    25 |       |       ||    25
       Leather armour    |       |     4 |       ||     4
Dodge: Dodged            |    76 |    25 |       ||   101

Table legend: (Time is in decaauts)
 A = Elapsed time spent in this place.
 B = Non-inter-level travel time spent in this place.
 C = Inter-level travel time spent in this place.
 D = Time resting spent in this place.
 E = Time spent auto-exploring this place.
 F = Levels seen in this place.
 G = Mean time per level.
                   A        B        C        D        E       F      G
               +--------+--------+--------+--------+--------+-----+--------+
         Total |   4603 |   4438 |    165 |      0 |   3940 |   4 | 1150.8 |
       Dungeon |   4603 |   4438 |    165 |      0 |   3940 |   4 | 1150.8 |
               +--------+--------+--------+--------+--------+-----+--------+

Top non-repeatable levels by time:
     D:1: 1668 daAuts
     D:2: 1629 daAuts
     D:3: 953 daAuts
     D:4: 352 daAuts
